 Dungeon Crawl Stone Soup version 0.19.0-18-g426998a (webtiles) character file.

1307 Leybi the Skirmisher (level 8, -12/130 HPs)
             Began as a Troll Berserker on Nov 11, 2016.
             Was an Elder of Trog.
             Mangled by a shadow (31 damage)
             ... on level 6 of the Dungeon.
             The game lasted 00:12:39 (3348 turns).

Leybi the Skirmisher (Troll Berserker)              Turns: 3348, Time: 00:12:40

Health: -12/130    AC:  6    Str: 33    XL:     8   Next: 32%
Magic:  7/7        EV: 11    Int:  3    God:    Trog [****..]
Gold:   232        SH:  0    Dex:  9    Spells: 0 memorised, 7 levels left

rFire  . . .     SeeInvis .       - Unarmed
rCold  . . .     Gourm    +     a - +0 animal skin
rNeg   . . .     Faith    .     (no shield)
rPois  .         Spirit   .     (helmet restricted)
rElec  .         Reflect  .     s - +0 cloak
rCorr  .         Harm     .     (gloves unavailable)
MR     .....                    (boots unavailable)
Stlth  ..........               (no amulet)
                                D - +1 ring of evasion
                                l - ring of stealth

@: berserking, very quick
A: unfitting armour, claws 3, fast metabolism 3, gourmand, regeneration 1,
shaggy fur 1, tough skin 2
a: Berserk, Trog's Hand, Brothers in Arms, Burn Spellbooks, Renounce Religion


You were on level 6 of the Dungeon.
You worshipped Trog.
Trog was greatly pleased with you.
You were not hungry.

You visited 2 branches of the dungeon, and saw 7 of its levels.

You collected 232 gold pieces.

Inventory:

Armour
 a - a +0 animal skin (worn)
 s - a +0 cloak (worn)
Jewellery
 l - a ring of stealth (left claw)
 y - a +2 ring of protection {unknown}
 D - a +1 ring of evasion (right claw)
Scrolls
 c - a scroll of teleportation {unknown}
 f - a scroll of remove curse {unknown}
 g - 3 scrolls of identify {unknown}
 h - a scroll of immolation {unknown}
 i - 2 scrolls of amnesia
 k - 2 scrolls of noise {unknown}
 n - a scroll of blinking {unknown}
 z - a scroll of magic mapping {unknown}
 C - 2 scrolls of enchant weapon {unknown}
 F - a scroll of recharging {unknown}
Potions
 e - 2 potions of cancellation {unknown}
 j - a potion of degeneration {unknown}
 o - a potion of resistance {unknown}
 p - a potion of ambrosia {unknown}
 q - a potion of might {unknown}
 r - a potion of brilliance {unknown}
 t - a potion of haste {unknown}
 u - 3 potions of curing {unknown}
 v - 2 potions of invisibility {unknown}
 x - a potion of flight {unknown}
 B - a potion of agility {unknown}
 G - 2 potions of lignification {unknown}
Comestibles
 b - 4 bread rations
 d - a royal jelly
 m - 3 fruits
 w - 2 beef jerkies
 A - 2 meat rations
 E - a slice of pizza


   Skills:
 * Level 7.4 Fighting
 - Level 2.4 Dodging
 + Level 6.5 Unarmed Combat


You had 7 spell levels left.
You didn't know any spells.

Dungeon Overview and Level Annotations

Branches:
Dungeon (6/15)             Temple (1/1) D:5

Altars:
Ashenzari
Cheibriados
Dithmenos
Elyvilon
Gozag
Hepliaklqana
Kikubaaqudgha
Okawaru
Qazlal
Ru
Sif Muna
Trog
Vehumet
Xom
Yredelemnul
Zin


Innate Abilities, Weirdness & Mutations

You are too large for most types of armour.
You have claws for hands.
Your metabolism is lightning-fast.
You like to eat raw meat.
Your natural rate of healing is unusually fast.
You are covered in fur. (AC +1)
You have very tough skin. (AC +2)


Message History

You closely miss the hound. The shadow hits you!
* * * LOW HITPOINT WARNING * * *
You barely miss the hound. The hound barely misses you.
You mangle the hound!!
You kill the hound!
Trog accepts your kill. The shadow hits you.
* * * LOW HITPOINT WARNING * * *
You claw the shadow!
The shadow is moderately damaged.
You scratch the shadow.
The shadow is heavily damaged.
The shadow slips into darkness.
The shadow flickers and vanishes!
Deactivating autopickup; reactivate with Ctrl-A.
A wight comes into view. It is wielding an enchanted falchion.
You claw something! You completely miss something.
The shadow strikes at you from the darkness!
You die...

###.....###.# # #.###.
#........... .. ..#.....
#.#......#z.c .# #........
#....###.#.###(# #.###....
##.^......#.....#..?..#)......<
#......#.....#.. ..#(.......#.#
#..###.#.###.#.###.#.###......#
#......#....(#†....#......###.#
##............@................
##..........)..........#####.#
#.#..........##.....# #.#
#...##.............########.#
###.###.........##...........
#.# #.......####........... #.#
#.##..### #.##..#####. #.#
#.#..## ###.#......... #.#
#.#.## #.....#####...


There were no monsters in sight!

Vanquished Creatures
  Sigmund (D:3)
  A hungry ghost (D:6)
  Menkaure (D:5)
  A centaur (D:6)
  Blork the orc (D:5)
  A bullfrog (D:6)
  5 crimson imps
  3 hounds
  An orc priest (D:4)
  An iguana (D:5)
  4 orc wizards (D:4)
  A worker ant (D:4)
  7 gnolls
  6 adders
  2 shadow imps (D:6)
  2 oozes
  2 adder skeletons
  A worm (D:2)
  3 dart slugs
  7 leopard geckos
  8 orcs
  6 giant cockroaches
  3 goblins
  6 hobgoblins
  11 jackals
  4 quokkas
  A ball python (D:3)
  5 bats
  2 frilled lizards
  6 kobolds
  2 leopard gecko skeletons
  A quokka skeleton (D:4)
  6 rats
112 creatures vanquished.

Notes
Turn   | Place    | Note
-------+----------+-------------------------------------------
     0 | D:1      | Leybi the Troll Berserker began the quest for the Orb.
     0 | D:1      | Reached XP level 1. HP: 22/22 MP: 0/0
   241 | D:1      | Reached XP level 2. HP: 28/29 MP: 1/1
   458 | D:1      | Reached skill level 3 in Fighting
   803 | D:2      | Reached XP level 3. HP: 37/37 MP: 2/2
   883 | D:2      | Reached XP level 4. HP: 34/48 MP: 3/3
  1078 | D:2      | Reached ** piety under Trog
  1122 | D:2      | Reached skill level 4 in Fighting
  1300 | D:3      | Found a shimmering altar of Xom.
  1307 | D:3      | Reached XP level 5. HP: 53/54 MP: 4/4
  1515 | D:3      | Noticed Sigmund
  1526 | D:3      | Killed Sigmund
  1526 | D:3      | Reached skill level 5 in Fighting
  1526 | D:3      | Reached XP level 6. HP: 66/66 MP: 5/5
  1561 | D:3      | Found a glowing silver altar of Zin.
  1888 | D:4      | Reached *** piety under Trog
  1974 | D:4      | Reached XP level 7. HP: 74/74 MP: 6/6
  1981 | D:4      | Reached skill level 5 in Unarmed Combat
  2036 | D:4      | Reached skill level 6 in Fighting
  2264 | D:4      | Found a snail-covered altar of Cheibriados.
  2563 | D:5      | Entered Level 5 of the Dungeon
  2563 | D:5      | Noticed Menkaure
  2573 | D:5      | Killed Menkaure
  2799 | D:5      | Found a staircase to the Ecumenical Temple.
  2933 | D:5      | Noticed Blork the orc
  2948 | D:5      | Killed Blork the orc
  3096 | Temple   | Entered the Ecumenical Temple
  3203 | D:6      | Reached XP level 8. HP: 84/84 MP: 7/7
  3335 | D:6      | Reached **** piety under Trog
  3335 | D:6      | Reached skill level 7 in Fighting
  3348 | D:6      | Mangled by a shadow

Skill      XL: |  1  2  3  4  5  6  7  8 |
---------------+-------------------------+-----
Fighting       | 3 4 5 6 7 |  7.4
Unarmed Combat | 4 6 |  6.5
Dodging        | |  2.4

Action                   |  1- 3 |  4- 6 |  7- 9 || total
-------------------------+-------+-------+-------++-------
Melee: Unarmed           |    71 |   114 |   122 ||   307
       Punch             |       |       |     4 ||     4
Invok: Berserk           |     1 |     3 |     2 ||     6
  Use: Scroll            |       |       |     1 ||     1
 Stab: Sleeping          |       |     1 |     2 ||     3
       Distracted        |       |       |     1 ||     1
  Eat: Chunk             |    12 |    13 |    15 ||    40
Armor: Animal skin       |    24 |    45 |    34 ||   103
Dodge: Dodged            |    43 |    72 |    63 ||   178
